 Dungeon Crawl Stone Soup version 0.30.0-29-ga12c61a403 (webtiles) character file.

Game seed: 5881498429407316958

613 qw the Chopper (level 7, -3/44 HPs)
             Began as a Gargoyle Fighter on June 2, 2023.
             Killed from afar by a steam dragon (20 damage)
             ... with a ball of steam
             ... on level 5 of the Dungeon.
             The game lasted 00:00:58 (1494 turns).

qw the Chopper (Gargoyle Fighter)                   Turns: 1494, Time: 00:00:58

Health: -3/44      AC: 15    Str: 21    XL:     7   Next: 44%
Magic:  7/7        EV:  8    Int:  9    God:
Gold:   41         SH:  4    Dex:  9    Spells: 6/6 levels left

rFire   . . .        Y - +0 war axe
rCold   . . .        c - +0 buckler
rNeg    + . .        i - +0 chain mail
rPois   inf          s - +0 helmet
rElec   +            (no cloak)
rCorr   +            (no gloves)
SInv    .            (no boots)
Will    .....        (no amulet) Stlth
                     m - ring of resist corrosion
HPRegen 0.27/turn    (no ring)
MPRegen 0.10/turn

%: no passive effects
@: no status effects
A: sickness immunity, AC +4, negative energy resistance 1, electricity
resistance, torment resistance 1, petrification resistance
a: no special abilities


You were on level 5 of the Dungeon.
You visited 1 branch of the dungeon, and saw 4 of its levels.

You collected 98 gold pieces.
You spent 57 gold pieces at shops.


Innate Abilities, Weirdness & Mutations

You are immune to sickness and miasma.
Your stone body is resilient. (AC +4)
You are immune to poison.
You resist negative energy. (rN+)
You are resistant to electric shocks. (rElec)
You are resistant to unholy torment.
You are immune to petrification.


   Skills:
 - Level 4.3 Fighting
 + Level 6.1 Axes
 - Level 2.0 Throwing
 - Level 3.2 Armour
 - Level 1.6 Dodging
 - Level 3.2 Shields


You had 6 spell levels left.
You didn't know any spells.
Your spell library was empty.

Inventory:

Hand Weapons
 h - a +0 whip
 Y - a +0 war axe (weapon)
Missiles
 a - 5 silver boomerangs (quivered)
Armour
 c - a +0 buckler (worn)
 i - a +0 chain mail (worn)
 s - a +0 helmet (worn)
Jewellery
 m - a ring of resist corrosion (left hand)
 q - a +6 ring of intelligence
Scrolls
 p - a scroll of enchant weapon {unknown}
 r - 4 scrolls of identify
Potions
 d - a potion of might
 e - a potion of curing {unknown}
 f - a potion of degeneration {unknown}
 g - a potion of berserk rage {unknown}
 j - a potion of ambrosia {unknown}
 k - a potion of resistance
 l - a potion of cancellation {unknown}
 n - a potion of brilliance {unknown}
 o - a potion of mutation {unknown}

Dungeon Overview and Level Annotations

Branches:
Dungeon (3/15)

Altars:
Xom

Shops:
D:3 !*


Message History

1485 ||| Stepping ~*~*~tactically~*~*~ (cloud).
You start resting.
A steam dragon is nearby!
You are too injured to fight recklessly!
You slash the steam dragon!
The steam dragon is moderately wounded.
The steam dragon bites you but does no damage.
The steam dragon claws you.
You hit the steam dragon but do no damage.
The steam dragon is moderately wounded.
The steam dragon bites you.
The steam dragon claws you but does no damage.
The steam dragon bites you but does no damage.
The steam dragon barely misses you.
You hit the steam dragon but do no damage.
The steam dragon is moderately wounded.
The steam dragon breathes steam at you.
The ball of steam hits you but does no damage.
You hit the steam dragon but do no damage.
The steam dragon is moderately wounded.
You are engulfed in a cloud of scalding steam.
The steam dragon barely misses you.
The steam dragon claws you but does no damage.
You hit the steam dragon.
The steam dragon is moderately wounded.
You are engulfed in a cloud of scalding steam.
The steam dragon bites you.
The steam dragon claws you but does no damage.
You hit the steam dragon.
The steam dragon is heavily wounded.
You are engulfed in a cloud of scalding steam.
The steam dragon bites you but does no damage.
You block the steam dragon's attack.
The steam dragon bites you but does no damage.
The steam dragon claws you but does no damage.
You closely miss the steam dragon.
The steam dragon is heavily wounded.
The steam dragon breathes steam at you. The ball of steam hits you!!
You die...

........... ..........
#.......... #..........
#.........
#.......#######
#.......#.....+
#.......D.....# .....
#......@#¤¤...# .....
#.....¤.#.....# .....
#.....%.####### ....
#....#'###....#######...
#....#..#...........#...
#[...#..#...........#...
#....#..##....##....'...
#....#..##....##....#...
#....#..#.....#.....#...


You could see a steam dragon (catching breath).

Vanquished Creatures
  An ice beast (D:5)
  A phantom (D:5)
  A scorpion (D:5)
  A water moccasin zombie (D:5)
  A water moccasin skeleton (D:5)
  3 bullfrog zombies (D:5)
  A centaur zombie (D:5)
  Jessica (D:3)
  Natasha (twice) (D:2)
  4 adders
  2 dart slugs (D:1)
  2 orcs (D:3)
  3 ball pythons
  3 bats
  2 endoplasms
  A giant cockroach (D:3)
  3 goblins
  4 hobgoblins
  4 jackals (D:1)
  4 frilled lizards
  3 kobolds
  5 rats
52 creatures vanquished.

Notes
Turn   | Place    | Note
-------+----------+-------------------------------------------
     0 | D:1      | qw the Gargoyle Fighter began the quest for the Orb.
     0 | D:1      | Reached XP level 1. HP: 14/14 MP: 1/1
     0 | D:1      | 0 ||| qw: Version: 0.2-a-102-gdf20003
     0 | D:1      | 0 ||| qw: Game counter: 907
     0 | D:1      | 0 ||| qw: Always use a shield: true
     0 | D:1      | 0 ||| qw: God list: Okawaru
     0 | D:1      | 0 ||| qw: Allow faded altars: false
     0 | D:1      | 0 ||| qw: Do Orc after D:15 true
     0 | D:1      | 0 ||| qw: Do second Lair branch before Depths: true
     0 | D:1      | 0 ||| qw: Lair rune preference: random
     0 | D:1      | 0 ||| qw: Plans: Normal, Zot:1-4, Slime:5, God:TSO, Crypt,
                  | Tomb, Pan, Hells, Abyss, Win
     0 | D:1      | 0 ||| PLANNING D:1-11
    21 | D:1      | Reached skill level 2 in Axes
    82 | D:1      | 82 ||| Stepping ~*~*~tactically~*~*~ (stealth).
    83 | D:1      | 83 ||| Stepping ~*~*~tactically~*~*~ (stealth).
    89 | D:1      | Reached XP level 2. HP: 16/19 MP: 2/2
   104 | D:1      | 104 ||| FLEEEEING.
   173 | D:1      | 173 ||| Stepping ~*~*~tactically~*~*~ (stealth).
   186 | D:1      | Reached skill level 3 in Axes
   242 | D:1      | Reached XP level 3. HP: 23/23 MP: 3/3
   442 | D:1      | 442 ||| UPGRADING to +0 chain mail.
   452 | D:1      | 452 ||| DROPPING +0 scale mail.
   453 | D:1      | 453 ||| UPGRADING to ring of resist corrosion.
   454 | D:1      | 454 ||| READING scroll labelled WUFA SAITI.
   455 | D:1      | 455 ||| READING scroll labelled WINOBA ZA LECLU.
   456 | D:1      | 456 ||| READING scroll labelled KEVUMP KIROEHO.
   459 | D:1      | 459 ||| DRINKING 2 cyan potions.
   622 | D:2      | Noticed Natasha
   634 | D:2      | Killed Natasha
   635 | D:2      | Reached XP level 4. HP: 28/28 MP: 4/4
   637 | D:2      | Reached skill level 4 in Axes
   903 | D:2      | Noticed Natasha
   904 | D:2      | 904 ||| Stepping ~*~*~tactically~*~*~ (hiding).
   913 | D:2      | Killed Natasha
   967 | D:2      | Found a shimmering altar of Xom.
  1022 | D:2      | 1022 ||| UPGRADING to +0 helmet.
  1027 | D:2      | 1027 ||| READING scroll labelled YPTIBI LYEGAT.
  1028 | D:2      | 1028 ||| READING scroll labelled EFEDUUZXAOPH.
  1029 | D:2      | 1029 ||| READING scroll labelled JIN ELUOWOS.
  1030 | D:2      | 1030 ||| READING scroll labelled OGAYWE LUEMPO.
  1031 | D:2      | 1031 ||| READING 2 scrolls of identify.
  1031 | D:2      | 1031 ||| IDENTIFYING bubbling grey potion
  1049 | D:3      | Reached XP level 5. HP: 30/32 MP: 5/5
  1072 | D:3      | Found a faded altar of an unknown god.
  1134 | D:3      | Noticed Jessica
  1139 | D:3      | Killed Jessica
  1157 | D:3      | 1157 ||| Stepping ~*~*~tactically~*~*~ (stealth).
  1170 | D:3      | Found Xoelout's Assorted Antiques.
  1179 | D:3      | 1179 ||| SHOPLISTING bronze ring (150 gold, have 76).
  1179 | D:3      | 1179 ||| BUYING bubbling puce potion (27 gold).
  1179 | D:3      | Bought a bubbling puce potion for 27 gold pieces
  1179 | D:3      | 1179 ||| SHOPLISTING pair of glowing gloves (225 gold, have
                  | 49).
  1179 | D:3      | 1179 ||| BUYING scroll labelled ENIFAE VIRPHEQO (30 gold).
  1179 | D:3      | Bought a scroll labelled ENIFAE VIRPHEQO for 30 gold pieces
  1179 | D:3      | 1179 ||| SHOPLISTING scroll labelled QENAYX GUYHAU (30
                  | gold, have 19).
  1179 | D:3      | 1179 ||| SHOPLISTING scroll of identify (60 gold, have 19).
  1202 | D:3      | Found Sainyd's Distillery.
  1205 | D:3      | 1205 ||| SHOPLISTING 2 potions of heal wounds (130 gold,
                  | have 31).
  1205 | D:3      | 1205 ||| SHOPLISTING 3 potions of curing (117 gold, have
                  | 31).
  1205 | D:3      | 1205 ||| SHOPLISTING potion of attraction (39 gold, have
                  | 31).
  1205 | D:3      | 1205 ||| SHOPLISTING potion of curing (39 gold, have 31).
  1205 | D:3      | 1205 ||| SHOPLISTING potion of heal wounds (65 gold, have
                  | 31).
  1205 | D:3      | 1205 ||| SHOPLISTING potion of lignification (39 gold, have
                  | 31).
  1208 | D:3      | You fall into a shaft and drop 2 floors!
  1208 | D:5      | Entered Level 5 of the Dungeon
  1224 | D:5      | Noticed a phantom
  1233 | D:5      | Noticed an ice beast
  1237 | D:5      | Reached skill level 5 in Axes
  1239 | D:5      | Killed a phantom
  1240 | D:5      | Reached XP level 6. HP: 21/37 MP: 6/6
  1242 | D:5      | HP: 9/37 [ice beast (11)]
  1243 | D:5      | 1243 ||| DRINKING potion of heal wounds.
  1244 | D:5      | Killed an ice beast
  1336 | D:5      | Reached XP level 7. HP: 41/44 MP: 7/7
  1373 | D:5      | Reached skill level 6 in Axes
  1394 | D:5      | Reached skill level 1 in Dodging
  1483 | D:5      | Noticed a steam dragon
  1485 | D:5      | 1485 ||| Stepping ~*~*~tactically~*~*~ (cloud).
  1494 | D:5      | Killed from afar by a steam dragon

Levels and vault maps discovered:
D:1:      psy_arrival_dodecagon, layout_rooms
D:2:      layout_rooms, basic_altar, minmay_bisected, uniq_natasha
D:3:      layout_rooms, nicolae_sif_muna_condensation,
          gammafunk_temple_overflow_pools, shapermc_ecumenical_altar_pompeii,
          serial_shops, nicolae_shop_rolled_up, shop,
          nicolae_shop_competitors_out_of_business, minmay_misc_feat_columns,
          uniq_sigmund, uniq_jessica
D:5:      layout_gridville, mainiacjoe_overflow_cross_hatched, serial_undead,
          serial_undead_d, serial_undead_c, serial_undead_a, serial_undead_d,
          serial_undead_c

Skill      XL: |  1  2  3  4  5  6  7 |
---------------+----------------------+-----
Axes           | 2 3 4 5 6 |  6.1
Throwing       | 2 |  2.0
Fighting       | 4 |  4.3
Dodging        | 1 |  1.6
Armour         | |  3.2
Shields        | |  3.2

Action                     |  1- 3 |  4- 6 |  7- 9 || total
---------------------------+-------+-------+-------++-------
  Melee: War axe           |    61 |    72 |    36 ||   169
  Throw: Boomerang         |     4 |    15 |     5 ||    24
    Use: Scroll            |     3 |     5 |       ||     8
         Potion            |     1 |     1 |       ||     2
 Armour: Scale mail        |    26 |       |       ||    26
         Chain mail        |    37 |    44 |    44 ||   125
  Dodge: Dodged            |    32 |    26 |    18 ||    76
  Block: Buckler           |    13 |    17 |    11 ||    41

Table legend:
 A = Non-vault XP
 B = Vault XP
 C = Vault XP percentage of total XP
 D = Non-vault monster count
 E = Vault monster count
 F = Vault count percentage of total count
                 A         B        C        D         E       F
            +---------+---------+-------+---------+---------+-------
      Total |     364 |     513 |  58.5 |      39 |      13 |  25.0
            +---------+---------+-------+---------+---------+-------
        D:1 |      35 |       0 |   0.0 |      18 |       0 |   0.0
        D:2 |      89 |      37 |  29.4 |      11 |       5 |  31.2
        D:3 |      13 |      37 |  74.0 |       7 |       1 |  12.5
        D:5 |     227 |     439 |  65.9 |       3 |       7 |  70.0
            +---------+---------+-------+---------+---------+-------
